 Dungeon Crawl Stone Soup version 0.24-a0-201-gf2055891f0 (webtiles) character file.

Game seed: 9441706080446692595

92904 MrRokkomies the Basher (level 16, -6/158 HPs)
             Began as an Ogre Hunter on Mar 19, 2019.
             Was a High Priest of Okawaru.
             Mangled by a tyrant leech (19 damage)
             ... on level 6 of the Lair of Beasts on Mar 20, 2019.
             The game lasted 01:25:43 (22299 turns).

MrRokkomies the Basher (Ogre Hunter)               Turns: 22299, Time: 01:25:44

Health: -6/158     AC: 18    Str: 20    XL:     16   Next: 7%
Magic:  19/22      EV: 17    Int: 12    God:    Okawaru [*****.]
Gold:   931        SH:  0    Dex: 14    Spells: 13/15 levels left

rFire    + + +     SeeInvis .   a - +7 great mace "Firestarter" {inner flame, rF++}
rCold    + + .     Gourm    .   (shield currently unavailable)
rNeg     . . .     Faith    .   t - +6 swamp dragon scales
rPois    +         Spirit   .   C - +0 hat
rElec    .         Reflect  .   T - scarf {rC+ rF+}
rCorr    .         Harm     .   (gloves unavailable)
MR       ++...                  (boots unavailable)
Stlth    ++........             A - amulet of magic regeneration
HPRegen  0.36/turn              d - ring of protection from magic
MPRegen  0.43/turn              F - ring of protection from cold

@: heroism, finesse, hasted and slowed, studying Fire Magic
A: large, unfitting armour, tough skin 1
a: Heroism, Finesse, Renounce Religion


You were on level 6 of the Lair of Beasts.
You worshipped Okawaru.
Okawaru was extremely pleased with you.
You were not hungry.

You visited 3 branches of the dungeon, and saw 18 of its levels.
You also visited: Bailey.

You collected 1731 gold pieces.
You spent 800 gold pieces at shops.

Inventory:

Hand Weapons
 a - the +7 great mace "Firestarter" (weapon) {inner flame, rF++}
   (You took it off a fire giant on level 11 of the Dungeon)

   It has been specially enchanted to burn those struck by it, causing extra
   injury to most foes and up to half again as much damage against particularly
   susceptible opponents.
   It greatly protects you from fire.
 b - a +3 dire flail of protection
 X - a +1 blowgun
Missiles
 m - 31 poisoned needles
 p - 5 exploding tomahawks
 q - 382 stones (quivered)
 w - 9 javelins
 y - 7 needles of paralysis
 H - 5 silver tomahawks
 N - 6 poisoned javelins
 V - 16 large rocks
 W - 10 tomahawks
Armour
 n - a scarf of cloud immunity
 t - +6 swamp dragon scales (worn)
 C - a +0 hat (worn)
 O - the +0 large shield of Grottiness {-Tele MR+ rCorr, unknown}
   (Okawaru gifted it to you on level 6 of the Lair of Beasts)

   It affects your resistance to hostile enchantments.
   It prevents most forms of teleportation.
   It provides partial protection from all sources of acid and corrosion.
 T - a scarf of resistance (worn)
Jewellery
 d - a ring of protection from magic (left hand)
 j - an uncursed amulet of faith
 A - an amulet of magic regeneration (around neck)
 F - a ring of protection from cold (right hand)
 G - an uncursed ring of see invisible
Wands
 c - a wand of flame (16)
 i - a wand of scattershot (4)
 s - a wand of enslavement (4)
 v - a wand of digging (5)
 J - a wand of random effects (56)
 M - a wand of polymorph (9)
 Q - a wand of iceblast (14)
Scrolls
 g - a scroll of identify
 k - a scroll of magic mapping
 l - 2 scrolls of enchant armour
 z - 5 scrolls of remove curse
 B - 3 scrolls of enchant weapon
 D - 3 scrolls of amnesia
 K - 3 scrolls of fog
Potions
 e - a potion of flight
 o - 4 potions of curing
 r - a potion of haste
 u - 2 potions of brilliance
 E - a potion of berserk rage {unknown}
 L - a potion of mutation
 P - 2 potions of agility
 S - a potion of cancellation
 Z - a potion of resistance
Books
 x - a manual of Fire Magic
Miscellaneous
 h - a lightning rod (4/4)
 U - a phial of floods
 Y - a lamp of fire
Comestibles
 f - 37 rations


   Skills:
 - Level 10.0(15.0) Fighting
 * Level 14.7(19.7) Maces & Flails
 - Level 10.6(15.6) Throwing
 - Level 8.0(13.0) Armour
 * Level 8.6(13.6) Dodging
 - Level 0.6(5.6) Stealth
 - Level 9.0 Evocations


You had 13 spell levels left.
You knew the following spells:

 Your Spells              Type           Power        Failure   Level  Hunger
a - Blink                 Tloc           N/A          58%         2    ###....

Your spell library contained the following spells:

 Spells                   Type           Power        Failure   Level  Hunger
 Animate Skeleton         Necr           N/A          43%         1    ##.....
 Apportation              Tloc           #.....       43%         1    ##.....
 Confusing Touch          Hex            #.....       43%         1    ##.....
 Magic Dart               Conj           #...         43%         1    ##.....
 Shock                    Conj/Air       #...         43%         1    ##.....
 Sting                    Conj/Pois      #...         43%         1    ##.....
 Summon Small Mammal      Summ           #...         43%         1    ##.....
 Call Imp                 Summ           #.......     58%         2    ###....
 Poisonous Vapours        Pois/Air       #.....       58%         2    ###....
 Slow                     Hex            #.......     58%         2    ###....
 Swiftness                Chrm/Air       #.......     58%         2    ###....
 Confuse                  Hex            #.......     82%         3    ####...
 Conjure Flame            Conj/Fire      #.......     82%         3    ####...
 Gell's Gravitas          Tloc           #.........   82%         3    ####...
 Mephitic Cloud           Conj/Pois/Air  #.......     82%         3    ####...
 Static Discharge         Conj/Air       #.......     82%         3    ####...
 Airstrike                Air            #.........   99%         4    #####..
 Olgreb's Toxic Radiance  Pois           #.......     99%         4    #####..
 Petrify                  Tmut/Erth      #.......     99%         4    #####..
 Lightning Bolt           Conj/Air       #.........   100%        5    ######.
 Metabolic Englaciation   Hex/Ice        #.........   100%        5    ######.
 Venom Bolt               Conj/Pois      #.........   100%        5    ######.
 Yara's Violent Unravell  Hex/Tmut       #.........   100%        5    ######.


Dungeon Overview and Level Annotations

Branches:
Dungeon (11/15)            Temple (1/1) D:6            Lair (6/6) D:11
  Swamp (0/4) Lair:2       Spider (0/4) Lair:3          Orc (0/2) D:11
  Slime: Lair:5-6

Altars:
Ashenzari
Cheibriados
Dithmenos
Elyvilon
Fedhas
Gozag
Hepliaklqana
Kikubaaqudgha
Makhleb
Nemelex Xobeh
Okawaru
Qazlal
Ru
Sif Muna
Trog
Uskayaw
Vehumet
Wu Jian
Xom
Yredelemnul
Zin
The Shining One

Shops:
D:7 *   D:11 *

Annotations:
Lair:2 3 runed translucent doors, Lecetom's ghost, journeyman DsFi; Otyuwk's ghost, journeyman DECj; xoxolimbo's ghost, journeyman GnEE


Innate Abilities, Weirdness & Mutations

You are too large for most types of armour.
You have tough skin. (AC +1)


Message History

The torpor snail closely misses you.
Okay, then.
Unknown command.
You feel yourself speed up.
The tyrant leech bites you but does no damage. x2
The torpor snail completely misses you.
You flatten the tyrant leech like a pancake!!!
You burn the tyrant leech!
The tyrant leech is filled with an inner flame.
The tyrant leech is severely wounded.
The tyrant leech bites you!!
* * * LOW HITPOINT WARNING * * *
The tyrant leech draws strength from your injuries!
Evoke which item? (* to show all) (? for menu, Esc to quit)
Aiming: Enslavement
Press: ? - help, Shift-Dir - straight line, f - tyrant leech
Aim: a tyrant leech (chance to defeat MR: 53%)
The tyrant leech resists with significant effort.
The tyrant leech bites you!!
You die...

# ##...#.####...## #
##...#.##...##
####....#...#.#
##.#.......######
##.#......### ..##
#.#.....##.# ...#
###.....###### y.#
#.....#..#### ###w.#
....###....P###.@w/#
...## ##.........w##
##.# #####....###
#### ######


You could see 2 tyrant leeches, a torpor snail and a hornet.

Vanquished Creatures
  A fire giant (D:11)
  An orc warlord (Bailey)
  A fire dragon (Lair:6)
  Fannar (D:11)
  Erolcha (D:11)
  2 hydras
  4 two-headed ogres
  Urug (D:11)
  2 lindwurms (Lair:6)
  An orc knight (Bailey)
  2 ugly things (D:11)
  A black mamba (Lair:1)
  12 elephants
  Maurice (D:11)
  4 torpor snails (Lair:6)
  A rime drake (Lair:5)
  7 spiny frogs
  5 komodo dragons
  2 meliai (Lair:5)
  A polar bear (Lair:5)
  A queen bee (Lair:4)
  2 trolls (D:11)
  6 jumping spiders (Lair:3)
  A tyrant leech (Lair:6)
  7 hornets (Lair:6)
  2 bog bodies (Lair:2)
  9 dream sheep (Lair:5)
  6 blink frogs
  9 hippogriffs
  5 redbacks (Lair:3)
  2 wyverns (D:10)
  52 yaks
  5 fire bats (D:11)
  4 basilisks
  2 steam dragons
  3 swamp worms (Lair:2)
  7 water moccasins
  6 porcupines
  5 ice beasts
  13 orc warriors
  3 sky beasts
  A phantom (D:8)
  3 ogres
  11 wolves
  A centaur (D:9)
  6 crocodiles
  A big kobold (D:7)
  11 bullfrogs
  A gnoll sergeant (D:9)
  2 water moccasin skeletons
  6 scorpions
  38 killer bees
  6 howler monkeys
  An electric eel (Lair:2)
  10 crimson imps
  A quasit (D:9)
  3 bullfrog zombies
  3 jellies
  10 orc priests
  Crazy Yiuf (D:6)
  7 hounds
  6 orc wizards
  A centaur skeleton (D:11)
  A bullfrog skeleton (D:10)
  An iguana (D:10)
  5 worker ants
  A hound zombie (D:10)
  3 hound skeletons
  2 worker ant zombies
  Robin (D:3)
  19 gnolls
  13 adders
  A river rat (Lair:5)
  3 shadow imps
  3 adder zombies
  6 worms
  2 dart slugs (D:2)
  2 leopard geckos
  71 orcs
  4 giant cockroaches
  35 goblins
  31 hobgoblins
  10 jackals
  6 quokkas
  2 ball pythons
  7 bats
  8 frilled lizards
  2 jackal skeletons
  10 kobolds
  7 rats
  4 fungi
  4 plants
595 creatures vanquished.

Vanquished Creatures (collateral kills)
  A death yak (Lair:5)
  A hippogriff (Lair:5)
  A yak (Lair:5)
  A killer bee (Lair:5)
4 creatures vanquished.

Vanquished Creatures (others)
  A meliai (Lair:5)
  2 yaks (Lair:5)
  A hound (D:11)
  7 fungi
  27 plants
  3 toadstools (D:6)
41 creatures vanquished.

Grand Total: 640 creatures vanquished

Notes
Turn   | Place    | Note
-------+----------+-------------------------------------------
     0 | D:1      | MrRokkomies the Ogre Hunter began the quest for the Orb.
     0 | D:1      | Reached XP level 1. HP: 22/22 MP: 1/1
   308 | D:1      | Reached XP level 2. HP: 27/31 MP: 2/2
   715 | D:1      | Reached XP level 3. HP: 33/39 MP: 3/3
   960 | D:2      | Noticed an ice beast
   966 | D:2      | Killed an ice beast
   966 | D:2      | Reached skill level 5 in Fighting
   966 | D:2      | Reached skill level 5 in Throwing
   966 | D:2      | Reached XP level 4. HP: 50/50 MP: 4/4
   966 | D:2      | Reached XP level 5. HP: 57/57 MP: 5/5
  1840 | D:2      | Found a blossoming altar of Fedhas.
  2260 | D:3      | Noticed Robin
  2395 | D:3      | Killed Robin
  2404 | D:3      | Reached XP level 6. HP: 46/67 MP: 6/6
  2590 | D:3      | Noticed a sky beast
  2609 | D:3      | Killed a sky beast
  3749 | D:4      | Reached XP level 7. HP: 58/78 MP: 7/7
  3994 | D:4      | Found a deep blue altar of Sif Muna.
  4332 | D:4      | Found a sacrificial altar of Ru.
  4927 | D:5      | Entered Level 5 of the Dungeon
  5322 | D:5      | Reached XP level 8. HP: 89/89 MP: 8/8
  5495 | D:5      | Found a hide-covered altar of Uskayaw.
  6107 | D:6      | Found a stormy altar of Qazlal.
  6259 | D:6      | Found a runed translucent door.
  6260 | D:6      | Noticed Crazy Yiuf
  6558 | D:6      | Reached skill level 1 in Maces & Flails
  6558 | D:6      | Reached skill level 1 in Armour
  6605 | D:6      | Found a staircase to the Ecumenical Temple.
  6614 | Temple   | Entered the Ecumenical Temple
  6782 | Temple   | Became a worshipper of Warmaster Okawaru
  7084 | D:6      | Killed Crazy Yiuf
  7264 | D:7      | Found a shimmering altar of Xom.
  7265 | D:7      | Noticed an angel
  7283 | D:7      | Found a glowing silver altar of Zin.
  7314 | D:7      | Reached skill level 10 in Fighting
  7314 | D:7      | Reached skill level 2 in Maces & Flails
  7356 | D:7      | Found Gizos's General Store.
  7439 | D:7      | Reached XP level 9. HP: 94/101 MP: 9/9
  7460 | D:7      | Found a snail-covered altar of Cheibriados.
  7583 | D:7      | Reached skill level 3 in Maces & Flails
  7750 | D:8      | Reached * piety under Okawaru
  7934 | D:8      | Found a snail-covered altar of Cheibriados.
  8019 | D:8      | Found an ornate altar of the Wu Jian Council.
  8090 | D:8      | Reached skill level 4 in Maces & Flails
  8095 | D:8      | Noticed a two-headed ogre
  8102 | D:8      | Killed a two-headed ogre
  8102 | D:8      | Reached ** piety under Okawaru
  8102 | D:8      | Reached skill level 5 in Maces & Flails
  8114 | D:8      | Noticed a two-headed ogre
  8134 | D:8      | Killed a two-headed ogre
  8134 | D:8      | Reached *** piety under Okawaru
  8134 | D:8      | Reached skill level 6 in Maces & Flails
  8134 | D:8      | Reached skill level 5 in Armour
  8134 | D:8      | Reached XP level 10. HP: 16/110 MP: 10/10
  9286 | D:9      | Noticed a two-headed ogre
  9293 | D:9      | Killed a two-headed ogre
  9293 | D:9      | Reached skill level 7 in Maces & Flails
  9524 | D:9      | Noticed a two-headed ogre
  9535 | D:9      | Killed a two-headed ogre
  9535 | D:9      | Reached **** piety under Okawaru
  9925 | D:10     | Entered Level 10 of the Dungeon
  9931 | D:10     | Reached skill level 8 in Maces & Flails
 10062 | D:10     | Learned a level 2 spell: Blink
 10254 | D:10     | Reached XP level 11. HP: 95/117 MP: 11/11
 10523 | D:10     | Received a gift from Okawaru
 10929 | D:11     | Noticed a red ugly thing
 10937 | D:11     | Killed a red ugly thing
 10937 | D:11     | Reached ***** piety under Okawaru
 11002 | D:11     | Found a flagged portal.
 11023 | Bailey   | Entered a bailey
 11551 | Bailey   | Reached skill level 9 in Maces & Flails
 11688 | Bailey   | Noticed an orc knight
 11688 | Bailey   | Noticed an orc warlord
 11699 | Bailey   | Killed an orc knight
 11745 | Bailey   | Killed an orc warlord
 12261 | D:11     | Noticed a white ugly thing
 12266 | D:11     | Noticed Maurice
 12501 | D:11     | Killed a white ugly thing
 12501 | D:11     | Received a gift from Okawaru
 12502 | D:11     | Got a distressingly furry shield {god gift}
 12508 | D:11     | Identified the +0 shield of the Fiddle {Int+4 Dex+4}
                  | (Okawaru gifted it to you on level 11 of the Dungeon)
 12546 | D:11     | Killed Maurice
 12552 | D:11     | Noticed Fannar
 12589 | D:11     | Killed Fannar
 12589 | D:11     | Reached skill level 10 in Maces & Flails
 12589 | D:11     | Reached skill level 5 in Dodging
 12750 | D:11     | Noticed Erolcha
 12976 | D:11     | Found Anti's Elemental Accessories.
 12984 | D:11     | Bought a lightning rod (4/4) for 400 gold pieces
 12984 | D:11     | Bought a phial of floods for 400 gold pieces
 13066 | D:11     | Killed Erolcha
 13066 | D:11     | Reached XP level 12. HP: 90/126 MP: 12/12
 13085 | D:11     | Reached skill level 1 in Evocations
 13377 | D:11     | Found a staircase to the Lair.
 13440 | D:11     | Noticed a fire giant
 13457 | D:11     | Killed a fire giant
 13457 | D:11     | Reached skill level 11 in Maces & Flails
 13616 | D:11     | Reached ****** piety under Okawaru
 13829 | D:11     | Noticed Urug
 13839 | D:11     | Killed Urug
 13839 | D:11     | Received a gift from Okawaru
 14368 | D:11     | Found a staircase to the Orcish Mines.
 14739 | Lair:1   | Entered Level 1 of the Lair of Beasts
 15062 | Lair:1   | Reached skill level 5 in Evocations
 15176 | Lair:1   | Reached skill level 12 in Maces & Flails
 15179 | Lair:1   | Received a gift from Okawaru
 15182 | Lair:1   | Reached XP level 13. HP: 71/133 MP: 17/17
 16246 | Lair:2   | Found a runed translucent gate.
 16246 | Lair:2   | Found a runed translucent gate.
 16246 | Lair:2   | Found a runed translucent gate.
 16247 | Lair:2   | Noticed Lecetom's ghost (journeyman DsFi)
 16248 | Lair:2   | Noticed Otyuwk's ghost (journeyman DECj)
 16248 | Lair:2   | Noticed Otyuwk's ghost (journeyman DECj)
 16248 | Lair:2   | Noticed Lecetom's ghost (journeyman DsFi)
 16248 | Lair:2   | Noticed xoxolimbo's ghost (journeyman GnEE)
 16429 | Lair:2   | Found a staircase to the Swamp.
 16708 | Lair:3   | Found a hole to the Spider Nest.
 17223 | Lair:3   | Reached skill level 13 in Maces & Flails
 17223 | Lair:3   | Reached XP level 14. HP: 130/143 MP: 19/19
 17224 | Lair:3   | Reached skill level 10 in Throwing
 17224 | Lair:3   | Reached XP level 15. HP: 136/149 MP: 20/20
 18984 | Lair:5   | HP: 4/149 [killer bee (6)]
 18990 | Lair:5   | HP: 5/149 [killer bee (7)]
 20001 | Lair:5   | Reached skill level 14 in Maces & Flails
 20113 | Lair:5   | Received a gift from Okawaru
 20601 | Lair:5   | Received a gift from Okawaru
 21089 | Lair:6   | Entered Level 6 of the Lair of Beasts
 21289 | Lair:6   | Received a gift from Okawaru
 21763 | Lair:6   | Found a runed translucent door.
 21798 | Lair:6   | Received a gift from Okawaru
 21799 | Lair:6   | Got a steaming large shield {god gift}
 21992 | Lair:6   | Reached XP level 16. HP: 158/158 MP: 22/22
 22299 | Lair:6   | Mangled by a tyrant leech

Levels and vault maps discovered:
D:1:      minmay_arrival_four_loops, layout_loops_ring, bh_walls_and_bars
D:2:      layout_basic, minmay_crystal_room, fedhas_altar_2
D:3:      layout_basic, uniq_robin
D:4:      layout_layer_cave, nicolae_ru_awakened_eye, lemuel_crystal_altar
D:5:      layout_basic, marbit_many_paths, first_ration, minmay_quadrilaterals
D:6:      layout_basic, nicolae_qazlal_eye_of_the_storm,
          minmay_temple_entry_overgrown, serial_rivers,
          chequers_serial_rivers_micro_c, chequers_serial_rivers_large_a,
          chequers_serial_rivers_small_3, chequers_serial_rivers_small_b,
          chequers_serial_rivers_micro_a, chequers_serial_rivers_micro_d,
          minmay_gold_behind_fungi, lemuel_another_geyser,
          uniq_crazy_yiuf_cottage
D:7:      layout_rooms, grunt_temple_overflow_order_and_chaos_1, slow_altar_1,
          serial_shops, nicolae_shop_crystal
D:8:      layout_basic, lemuel_crystal_altar, basic_altar
D:9:      layout_loops_ring, grunt_ogre_cave
D:10:     layout_loops_ring
D:11:     minmay_firetagon, layout_irregular_city, david_lair_shrubbed,
          hiddenorc2_lemuel, enter_bailey_3, nicolae_elemental_shop,
          uniq_maurice, uniq_urug, uniq_erolcha, uniq_fannar
Temple:   jpeg_temple_clearing
Lair:1:   layout_regular_city
Lair:2:   layout_loops_ring, nicolae_swamp_entry_splash_gauntlet,
          gammafunk_ghost_cemetery
Lair:3:   layout_loops_ring, nicolae_spider_entry_tight_spaces,
          grunt_megastairs_5, lemuel_fruit_tree
Lair:4:   layout_hall_layers, st_stairs_8, grunt_megastairs_3
Lair:5:   regret_index_tunnel_blossom, layout_regular_city
Lair:6:   guppyfry_lair_end_dragon, layout_hall_layers, wormcave,
          minmay_slime_entry_oklob_enclosed, infiniplex_staircase_pool
Bailey:   bailey_axe_minmay_hex_keep, bailey

Skill      XL: |  1  2  3  4  5  6  7  8  9 10 11 12 13 14 15 |
---------------+----------------------------------------------+-----
Fighting       | 3 5 7 8 10 | 10.0
Throwing       | 5 6 7 8 10 | 10.6
Maces & Flails | 2 6 8 10 12 13 14 | 14.7
Armour         | 2 5 7 8 |  8.0
Dodging        | 6 8 |  8.6
Evocations     | 5 7 9 |  9.0
Stealth        | |  0.6

Action                   |  1- 3 |  4- 6 |  7- 9 | 10-12 | 13-15 | 16-18 || total
-------------------------+-------+-------+-------+-------+-------+-------++-------
Melee: Short sword       |    87 |   164 |       |       |       |       ||   251
       Dagger            |       |   127 |   393 |    32 |       |       ||   552
       Whip              |       |       |   145 |   602 |       |       ||   747
       Great mace        |       |       |       |   108 |   195 |    20 ||   323
       Dire flail        |       |       |       |       |   229 |    28 ||   257
 Fire: Blowgun           |       |    14 |    33 |     3 |    37 |       ||    87
Throw: Javelin           |     5 |       |       |    41 |    29 |       ||    75
       Large rock        |     8 |     7 |    14 |    50 |    28 |     2 ||   109
       Stone             |       |    76 |   125 |    49 |   131 |    26 ||   407
       Throwing net      |       |       |     3 |     3 |       |       ||     6
       Tomahawk          |       |       |       |    29 |    23 |       ||    52
Invok: Heroism           |       |       |       |     4 |     3 |     1 ||     8
       Finesse           |       |       |       |       |     2 |     1 ||     3
Evoke: Phantom mirror    |       |       |       |     1 |       |       ||     1
       Wand              |       |       |       |       |     6 |     1 ||     7
       Lamp of fire      |       |       |       |       |     1 |       ||     1
  Use: Scroll            |     2 |     3 |     7 |    14 |     9 |       ||    35
       Potion            |       |     1 |       |     6 |     8 |     1 ||    16
 Stab: Held in net/web   |       |       |     1 |     5 |       |       ||     6
       Paralysed         |       |       |       |       |     2 |       ||     2
       Distracted        |       |       |       |       |     1 |       ||     1
  Eat: Chunk             |       |     9 |    11 |    20 |    15 |     1 ||    56
       Ration            |       |       |     1 |     1 |     2 |       ||     4
Armor: Robe              |    42 |    81 |       |       |       |       ||   123
       Swamp dragon scal |       |    11 |   365 |   350 |   206 |    17 ||   949
       Skin              |       |       |       |       |    33 |       ||    33
Dodge: Dodged            |    72 |   163 |   280 |   289 |   292 |    31 ||  1127
Block: Shield            |       |       |       |    38 |       |       ||    38

Table legend:
 A = Non-vault XP
 B = Vault XP
 C = Vault XP percentage of total XP
 D = Non-vault monster count
 E = Vault monster count
 F = Vault count percentage of total count
                 A         B        C        D         E       F
            +---------+---------+-------+---------+---------+-------
      Total |   42230 |   30452 |  41.9 |     373 |     218 |  36.9
            +---------+---------+-------+---------+---------+-------
        D:1 |      34 |       0 |   0.0 |      23 |       0 |   0.0
        D:2 |     214 |       0 |   0.0 |      27 |       0 |   0.0
        D:3 |     214 |      35 |  14.1 |      20 |      13 |  39.4
        D:4 |     337 |       0 |   0.0 |      22 |       0 |   0.0
        D:5 |     633 |      35 |   5.2 |      21 |       4 |  16.0
        D:6 |     370 |      40 |   9.8 |      12 |       1 |   7.7
        D:7 |     646 |       5 |   0.8 |      25 |       1 |   3.8
        D:8 |    3003 |       0 |   0.0 |      19 |       0 |   0.0
        D:9 |    2000 |     888 |  30.7 |      25 |       1 |   3.8
       D:10 |    1353 |       0 |   0.0 |      19 |       0 |   0.0
       D:11 |    5630 |    6748 |  54.5 |      42 |      47 |  52.8
     Lair:1 |    6066 |       0 |   0.0 |      31 |       0 |   0.0
     Lair:2 |    1680 |    1060 |  38.7 |      10 |       6 |  37.5
     Lair:3 |    1749 |    2909 |  62.5 |       9 |      11 |  55.0
     Lair:4 |    4699 |     430 |   8.4 |      20 |       3 |  13.0
     Lair:5 |    7938 |    7928 |  50.0 |      31 |      47 |  60.3
     Lair:6 |    5664 |    6504 |  53.5 |      17 |      15 |  46.9
     Bailey |       0 |    3870 | 100.0 |       0 |      69 | 100.0
            +---------+---------+-------+---------+---------+-------
